 Dungeon Crawl Stone Soup version 0.31-a0-876-gfe8ebadbca (webtiles) character file.

Game seed: 380578381364008791

148 sXerra the Poker (level 5, -4/47 HPs)
             Began as a Minotaur Berserker on Oct 13, 2023.
             Was a Believer of Trog.
             Slain by an orc wizard
             ... wielding a +3 dagger of holy wrath
              (6 damage)
             ... on level 3 of the Dungeon.
             The game lasted 00:05:59 (1777 turns).

sXerra the Poker (Minotaur Berserker)               Turns: 1777, Time: 00:05:59

Health: -4/47      AC:  2    Str: 23    XL:     5   Next: 8%
Magic:  4/4        EV: 12    Int:  4    God:    Trog [**....]
Gold:   110        SH:  0    Dex: 10    Spells: 4/4 levels left

rFire   . . .        a - +0 spear
rCold   . . .        (no shield)
rNeg    . . .        b - +0 animal skin
rPois   .            (helmet restricted)
rElec   .            (no cloak)
rCorr   .            (no gloves)
SInv    .            (no boots)
Will    .....        (no amulet)
Stlth   +            (no ring)
HPRegen 0.27/turn    (no ring)
MPRegen 0.09/turn

%: no passive effects
@: confused
A: horns 2, retaliatory headbutt
a: Renounce Religion, Berserk, Trog's Hand


You were on level 3 of the Dungeon.
You worshipped Trog.
Trog was pleased with you.
You visited 1 branch of the dungeon, and saw 3 of its levels.

You collected 110 gold pieces.

Inventory:

Hand Weapons
 a - a +0 spear (weapon)
Armour
 b - a +0 animal skin (worn)
Jewellery
 f - a +4 ring of protection
Scrolls
 c - 5 scrolls of identify {unknown}
 e - a scroll of revelation {unknown}
 g - a scroll of enchant weapon {unknown}
 h - a scroll of teleportation {unknown}
 i - a scroll of immolation
Potions
 d - a potion of attraction {unknown}


   Skills:
 + Level 4.3 Fighting
 * Level 5.0 Polearms
 * Level 4.1 Armour
 + Level 3.0 Dodging


You had 4 spell levels left.
You didn't know any spells.
Your spell library was empty.

Dungeon Overview and Level Annotations

Branches:
Dungeon (3/15)

Altars:


Innate Abilities, Weirdness & Mutations

You have a pair of horns on your head.
You reflexively headbutt those who attack you in melee.


Message History

The orc priest is almost dead.
The orc priest hits you with a +0 short sword.
You are too injured to fight recklessly!
You are too injured to fight recklessly!
You are too injured to fight recklessly!
You are too injured to fight recklessly!
You are too injured to fight recklessly!
You are too injured to fight recklessly!
You are too injured to fight recklessly!
You hit the orc priest.
You kill the orc priest!
Trog accepts your kill.
Your Polearms skill increases to level 5!
Your Armour skill increases to level 4!
Your Dodging skill increases to level 3!
You have reached level 5!
The orc wizard casts a spell at you.
You are confused.
The orc hits you with a +0 club.
Items here: )) [ †.
You bump into the rock wall.
The orc wizard points at you and mumbles some strange words.
You are more confused.
The orc hits you with a +0 club.
You bump into the rock wall.
The orc wizard hits you with a +3 dagger of holy wrath!
* * * LOW HITPOINT WARNING * * *
The orc hits you with a +0 club.
* * * LOW HITPOINT WARNING * * *
You bump into the rock wall.
The orc wizard gestures wildly while chanting.
The orc wizard flickers and vanishes!
Deactivating autopickup; reactivate with Ctrl-A.
The orc misses you. Something hits you.
* * * LOW HITPOINT WARNING * * *
Something hits you.
* * * LOW HITPOINT WARNING * * *
You bump into the rock wall.
Something hits you.
You die...

... ...# #.# .. ..# #.# ..
..# #.# . #.# #.# #.#.#
#.# #.#.#.#.#######.#
.......o)......>#
#####+#...#.#######.#
#........##@# #.#
#........##.# #.#
#...........# #.#
#........#### #.#
######........# ######.#
......)†......#####......#
.......###..)........#####
.......# #...........#
.......# #...........#


You could see an orc.

Vanquished Creatures
  An orc priest (D:3)
  Robin (D:2)
  3 adders (D:2)
  A worm (D:2)
  3 dart slugs
  2 orcs (D:3)
  2 ball pythons (D:2)
  8 endoplasms
  3 giant cockroaches
  11 goblins
  7 hobgoblins
  4 jackals (D:1)
  2 quokkas
  5 bats
  3 frilled lizards
  4 kobolds
  2 rats
62 creatures vanquished.

Notes
Turn   | Place    | Note
-------+----------+-------------------------------------------
     0 | D:1      | sXerra the Minotaur Berserker began the quest for the Orb.
     0 | D:1      | Reached XP level 1. HP: 19/19 MP: 0/0
   370 | D:1      | Reached XP level 2. HP: 27/27 MP: 1/1
   486 | D:1      | Reached skill level 4 in Polearms
   763 | D:1      | Reached XP level 3. HP: 33/33 MP: 2/2
   774 | D:1      | Reached ** piety under Trog
   973 | D:2      | Noticed Robin
  1012 | D:2      | Killed Robin
  1150 | D:2      | Reached XP level 4. HP: 30/40 MP: 3/3
  1669 | D:3      | Found a faded altar of an unknown god.
  1771 | D:3      | Reached skill level 5 in Polearms
  1771 | D:3      | Reached XP level 5. HP: 21/47 MP: 4/4
  1776 | D:3      | HP: 2/47 [something (4)]
  1777 | D:3      | Slain by an orc wizard

Illustrated notes

Levels and vault maps discovered:
D:1:      minmay_arrival_jagged, layout_basic, serial_park_tiny_1
D:2:      layout_rooms, uniq_robin
D:3:      layout_basic, gup_sewer_entry_bubbles,
          hellmonk_ecumenical_altar_blasted

Skill      XL: |  1  2  3  4 |
---------------+-------------+-----
Polearms       | 4 5 |  5.0
Armour         | 3 4 |  4.1
Fighting       | 4 |  4.3
Dodging        | 3 |  3.0

Action                     |  1- 3 |  4- 6 || total
---------------------------+-------+-------++-------
  Melee: Spear             |   112 |    72 ||   184
         Headbutt          |    15 |     9 ||    24
         Punch             |       |     1 ||     1
 Invoke: Trog's Hand       |     1 |       ||     1
    Use: Scroll            |     1 |       ||     1
   Stab: Sleeping          |     1 |     1 ||     2
 Armour: Animal skin       |    39 |    25 ||    64
  Dodge: Dodged            |    55 |    25 ||    80

Table legend: (Time is in decaauts)
 A = Elapsed time spent in this place.
 B = Non-inter-level travel time spent in this place.
 C = Inter-level travel time spent in this place.
 D = Time resting spent in this place.
 E = Time spent auto-exploring this place.
 F = Levels seen in this place.
 G = Mean time per level.
                   A        B        C        D        E       F      G
               +--------+--------+--------+--------+--------+-----+--------+
         Total |   1754 |   1586 |    168 |     41 |   1148 |   3 |  584.7 |
       Dungeon |   1754 |   1586 |    168 |     41 |   1148 |   3 |  584.7 |
               +--------+--------+--------+--------+--------+-----+--------+

Top non-repeatable levels by time:
     D:1: 945 daAuts
     D:2: 679 daAuts
     D:3: 128 daAuts
